 Dungeon Crawl Stone Soup version 0.27-a0-1273-gec92ba881d (webtiles) character file.

Game seed: 1875054539875829435

19093 dickylongcocking the Fighter (level 13, 0/101 HPs)
             Began as a Djinni Fire Elementalist on June 11, 2021.
             Was a Priest of Makhleb.
             Slain by a killer bee (5 damage)
             ... on level 9 of the Dungeon.
             The game lasted 00:19:39 (17103 turns).

dickylongcocking the Fighter (DjFE)                Turns: 17103, Time: 00:19:40

Health: 0/101      AC:  9    Str:  7    XL:     13   Next: 2%
Gold:   147        EV: 13    Int: 21    God:    Makhleb [***...] SH:  4 Dex: 15

rFire    + + +     SeeInvis .   C - +1 dagger (venom)
rCold    . . .     Faith    .   E - +0 buckler
rNeg     . . .     Spirit   .   I - +3 ring mail {rC+}
rPois    ∞         Reflect  .   (no helmet)
rElec    .         Harm     .   x - +0 cloak
rCorr    .         Rampage  .   (no gloves)
Will     +....                  (boots unavailable)
Stlth    +.........             (no amulet)
HPRegen  0.26/turn              p - ring of fire
MPRegen  0.00/turn              r - ring of protection from cold

@: flying
A: sickness immunity, fire resistance 2, cold vulnerability 1, float, innate
caster, hp casting, extra vitality 1
a: Renounce Religion, Minor Destruction, Lesser Servant of Makhleb


You were on level 9 of the Dungeon.
You worshipped Makhleb.
Makhleb was most pleased with you.
You visited 2 branches of the dungeon, and saw 12 of its levels.

You collected 478 gold pieces.
You spent 331 gold pieces at shops.

Inventory:

Hand Weapons
 c - a +0 dagger
 s - a +0 short sword of venom
 w - a +1 whip of electrocution
 C - a +1 dagger of venom (weapon)
Missiles
 m - 5 throwing nets
 A - 5 curare-tipped darts
Armour
 a - a +0 robe
 d - a +0 troll leather armour
 o - a +0 ring mail
 x - a +0 cloak (worn)
 z - +0 steam dragon scales
 E - a +0 buckler (worn)
 G - a +2 robe of resistance
 I - a +3 ring mail of cold resistance (worn)
Magical Staves
 b - a staff of death
Jewellery
 p - a ring of fire (left hand)
 r - a ring of protection from cold (right hand)
 y - a +6 ring of strength
 B - the ring "Epsif" {rF+ Str+3}
   (You found it on level 8 of the Dungeon)

   [ring of protection from fire]

   It affects your strength (+3).
   It protects you from fire.
Wands
 g - a wand of iceblast (49)
 k - a wand of charming (8)
Scrolls
 e - 3 scrolls of teleportation
 h - 4 scrolls of amnesia
 i - 2 scrolls of blinking
 l - 2 scrolls of immolation
 n - 3 scrolls of fog {unknown}
 q - 2 scrolls of magic mapping
 u - a scroll of holy word
 F - a scroll of torment
Potions
 f - 5 potions of might
 j - 2 potions of brilliance
 t - 5 potions of curing
 v - a potion of berserk rage
 H - a potion of mutation


   Skills:
 * Level 12.2 Fighting
 * Level 0.8 Armour
 - Level 11.0 Dodging
 - Level 2.1 Stealth
 * Level 2.3 Shields
 * Level 10.2 Spellcasting


You couldn't memorise any spells.
You knew the following spells:

 Your Spells              Type           Power      Damage    Failure   Level
a - Foxfire               Conj/Fire      100%       2x1d9     1%          1
b - Conjure Flame         Conj/Fire      69%        6-21      1%          3
c - Inner Flame           Hex/Fire       69%        N/A       1%          3
d - Sticky Flame          Conj/Fire      69%        2d8       4%          4
e - Fireball              Conj/Fire      34%        3d14      11%         5
f - Summon Small Mammal   Summ           100%       N/A       1%          1
g - Slow                  Hex            52%        N/A       1%          2
h - Lesser Beckoning      Tloc           26%        N/A       1%          3
i - Passage of Golubria   Tloc           N/A        N/A       4%          4
j - Freezing Cloud        Conj/Ice/Air   26%        6-21      11%         5
k - Alistair's Intoxicat  Tmut/Pois      34%        N/A       11%         5
Your spell library was empty.

Dungeon Overview and Level Annotations

Branches:
Dungeon (11/15)            Temple (1/1) D:7            Lair (0/6) D:11
    Orc (0/2) D:11

Altars:
Ashenzari
Cheibriados
Dithmenos
Elyvilon
Fedhas
Gozag
Hepliaklqana
Kikubaaqudgha
Makhleb
Nemelex Xobeh
Okawaru
Qazlal
Ru
Sif Muna
Trog
Uskayaw
Vehumet
Wu Jian
Xom
Yredelemnul
Zin
The Shining One

Shops:
D:1 !   D:3 (   D:4 *   D:9 :=:?[


Innate Abilities, Weirdness & Mutations

You are immune to sickness and miasma.
You are immune to poison.
Your flesh is very heat resistant. (rF++)
You are vulnerable to cold. (rC-)
You float through the air rather than walking.
You learn spells naturally, not from books.
Your magical power is your life essence.
You have superior vitality. (+4 HP)


Message History

Unknown command.
Unknown command.
Things that are here:
a +0 robe; a +0 war axe The killer bee stings you.
* * * LOW HITPOINT WARNING * * *
You block the killer bee's attack.
Unknown command.
Okay, then.
As you read the scroll of fear, it crumbles to dust.
You assume a fearsome visage.
Nothing appears to happen.
The killer bee closely misses you.
The killer bee stings you but does no damage.
The killer bee barely misses you.
Blink to where?
Press: ? - help, Dir - move target
As you read the scroll of blinking, it crumbles to dust.
The killer bee stings you but does no damage.
Unknown command.
The killer bee stings you but does no damage.
The killer bee misses you. The killer bee closely misses you.
The killer bee stings you.
* * * LOW HITPOINT WARNING * * *
You fly upwards.
There is a stone staircase leading down here.
Unknown command.
Unknown command.
Unknown command.
Okay, then.
Okay, then.
Aiming: Charm
Press: ? - help, Shift-Dir - straight line, f - killer bee
Aim: a killer bee (chance to affect: 54%)
Your attack snaps the killer bee out of its fear.
The killer bee resists with significant effort.
The killer bee stings you.
* * * LOW HITPOINT WARNING * * *
The killer bee closely misses you. The killer bee barely misses you.
The killer bee stings you.
You die...

##...# #...# #...# .#...###...#
#...########
.#...#.(...###########.....[[....
.#...#....................)......
.#...############................
.#...############..##############
.#...#..........<..........)...<.
.#(..#.........yy................
##...#..........@................
#....#################.##########
#...## #.# ....# #.#
....##################.##########
#..⌠#............................
##########.#..#########..........
...# #.##.# #..######## ...#
#..♣.# #..#


You could see 2 killer bees.

Vanquished Creatures
  A hydra (D:11)
  4 two-headed ogres
  A skeletal warrior (D:8)
  A cyclops (D:8)
  Maggie (D:7)
  2 trolls
  Grinder (D:3)
  2 hornets
  A blink frog (shapeshifter) (D:10)
  A shadow (D:11)
  3 wyverns
  6 yaks (D:11)
  5 steam dragons
  Menkaure (D:4)
  Duvessa (D:7)
  6 water moccasins
  5 orc warriors
  A hornet zombie (D:8)
  A sky beast (D:8)
  A black bear (D:5)
  2 necrophages
  2 ice beasts
  2 ogres
  3 phantoms
  4 centaurs
  A kobold brigand (D:9)
  A bullfrog (D:8)
  A gnoll sergeant (D:8)
  Dowan (D:7)
  3 scorpions
  A troll zombie (D:11)
  9 killer bees
  3 wights (D:10)
  8 crimson imps (D:8)
  6 centaur zombies
  A hound (D:5)
  8 orc priests
  A bullfrog skeleton (D:3)
  A bullfrog zombie (D:7)
  5 iguanas
  A scorpion zombie (D:5)
  A gnoll shaman (D:9)
  Ijyb (D:4)
  12 orc wizards
  A killer bee zombie (D:9)
  6 ogre zombies (D:11)
  3 howler monkey zombies
  12 gnolls
  A howler monkey skeleton (D:6)
  7 adders
  A shadow imp (D:8)
  An ufetubus (D:7)
  2 adder skeletons (D:4)
  4 dart slugs
  26 orcs
  4 bats
  5 endoplasms
  5 goblins
  8 hobgoblins
  8 jackals
  8 kobolds
  3 quokkas
  8 ball pythons
  2 frilled lizards
  2 goblin skeletons (D:11)
  A goblin zombie (D:11)
  A hobgoblin skeleton (D:11)
  A hobgoblin zombie (D:11)
  An orc skeleton (D:11)
  13 orc zombies (D:11)
  5 rats
  A bush (D:11)
263 creatures vanquished.

Vanquished Creatures (collateral kills)
  2 worms (D:2)
  A ball python (D:4)
  A rat (D:1)
  2 foxfires (D:8)
6 creatures vanquished.

Vanquished Creatures (others)
  530 foxfires
  5 fungi (D:11)
  27 plants
562 creatures vanquished.

Grand Total: 831 creatures vanquished

Notes
Turn   | Place    | Note
-------+----------+-------------------------------------------
     0 | D:1      | dickylongcocking the Djinni Fire Elementalist began the
                  | quest for the Orb.
     0 | D:1      | Reached XP level 1. HP: 15/15 MP: 0/0
   422 | D:1      | Reached XP level 2. HP: 8/21 MP: 0/0
   779 | D:1      | Found Evvamis's Distillery.
  1141 | D:1      | Reached XP level 3. HP: 22/25 MP: 0/0
  1141 | D:1      | Learned a level 1 spell: Summon Small Mammal
  1539 | D:1      | Found a faded altar of an unknown god.
  2920 | D:2      | Reached XP level 4. HP: 30/31 MP: 0/0
  3804 | D:3      | Noticed Grinder
  3822 | D:3      | Killed Grinder
  3823 | D:3      | Reached skill level 3 in Fighting
  3823 | D:3      | Reached XP level 5. HP: 15/40 MP: 0/0
  3823 | D:3      | Learned a level 2 spell: Slow
  3823 | D:3      | Reached XP level 6. HP: 17/46 MP: 0/0
  4132 | D:3      | Found Ylakumm's Antique Weapon Boutique.
  5190 | D:4      | Reached XP level 7. HP: 32/51 MP: 0/0
  5190 | D:4      | Learned a level 3 spell: Lesser Beckoning
  5197 | D:4      | HP: 2/51 [spore (10)]
  5224 | D:4      | HP: 1/51 [scorpion (5)]
  5230 | D:3      | HP: 4/114 [scorpion (2)]
  5232 | D:3      | Reached skill level 4 in Fighting
  5566 | D:4      | Noticed Ijyb
  5583 | D:4      | Killed Ijyb
  5594 | D:4      | Noticed Menkaure
  5600 | D:4      | Killed Menkaure
  5601 | D:4      | Reached skill level 5 in Spellcasting
  6090 | D:4      | Found a basalt altar of Yredelemnul.
  6091 | D:4      | Found a snail-covered altar of Cheibriados.
  6092 | D:4      | Found a sacrificial altar of Ru.
  6093 | D:4      | Found a blossoming altar of Fedhas.
  6094 | D:4      | Found an iron altar of Okawaru.
  6110 | D:4      | Found Vygoboi's General Store.
  6116 | D:4      | Bought a potion of heal wounds for 50 gold pieces
  6240 | D:4      | Found a white marble altar of Elyvilon.
  6350 | D:4      | Found a shimmering altar of Xom.
  6383 | D:5      | Entered Level 5 of the Dungeon
  6623 | D:5      | Noticed a water moccasin
  6672 | D:5      | Killed a water moccasin
  6673 | D:5      | Reached skill level 5 in Fighting
  6673 | D:5      | Reached XP level 8. HP: 33/59 MP: 0/0
  7298 | D:5      | Reached skill level 6 in Fighting
  7506 | D:5      | Found an ornate altar of the Wu Jian Council.
  7915 | D:6      | Identified Sif Muna's Catalogue of Slavery
  8064 | D:6      | Reached XP level 9. HP: 52/67 MP: 0/0
  8064 | D:6      | Learned a level 4 spell: Passage of Golubria
  8275 | D:6      | HP: 1/67 [ogre/+0 giant club (31)]
  8281 | D:6      | Reached skill level 7 in Fighting
 10039 | D:7      | Noticed Dowan
 10044 | D:7      | Noticed Duvessa
 10049 | D:7      | Reached skill level 8 in Fighting
 10050 | D:7      | Killed Duvessa
 10074 | D:7      | Killed Dowan
 10212 | D:7      | Found an opulent altar of Gozag.
 10212 | D:7      | Found a sparkling altar of Nemelex Xobeh.
 10212 | D:7      | Noticed a hornet
 10221 | D:7      | Killed a hornet
 10615 | D:7      | Noticed Maggie
 10627 | D:7      | Killed Maggie
 10628 | D:7      | Reached skill level 9 in Fighting
 10628 | D:7      | Reached XP level 10. HP: 46/78 MP: 0/0
 10808 | D:7      | Found a staircase to the Ecumenical Temple.
 10987 | Temple   | Entered the Ecumenical Temple
 11354 | Temple   | Became a worshipper of Makhleb the Destroyer
 13133 | D:8      | Reached skill level 10 in Fighting
 13379 | D:8      | Reached * piety under Makhleb
 13584 | D:8      | Identified the ring "Epsif" {rF+ Str+3}
 13808 | D:8      | You are sucked into a shaft and drop 3 floors!
 13830 | D:11     | Reached skill level 10 in Dodging
 13830 | D:11     | Reached XP level 11. HP: 65/86 MP: 0/0
 13830 | D:11     | Learned a level 5 spell: Freezing Cloud
 13935 | D:11     | Reached XP level 12. HP: 63/93 MP: 0/0
 14079 | D:11     | Noticed a four-headed hydra
 14085 | D:11     | Killed a four-headed hydra
 14086 | D:11     | Reached skill level 11 in Fighting
 14088 | D:11     | Noticed a two-headed ogre
 14096 | D:11     | Killed a two-headed ogre
 14096 | D:11     | Reached ** piety under Makhleb
 14244 | D:11     | Found a staircase to the Lair.
 14361 | D:11     | Found a staircase to the Orcish Mines.
 14392 | D:10     | Entered Level 10 of the Dungeon
 15070 | D:9      | Found Sedo's Magic Scroll Shop.
 15076 | D:9      | Bought a scroll of fear for 49 gold pieces
 15076 | D:9      | Bought a scroll of magic mapping for 49 gold pieces
 15158 | D:9      | Found Kihevoar's Book Emporium.
 15771 | D:8      | Noticed a skeletal warrior
 15785 | D:8      | Killed a skeletal warrior
 15786 | D:8      | Reached skill level 10 in Spellcasting
 16115 | D:9      | Found Okhleone's Antique Armour Shoppe.
 16123 | D:9      | Bought a buckler for 99 gold pieces
 16223 | D:9      | Noticed a two-headed ogre
 16230 | D:9      | Killed a two-headed ogre
 16231 | D:9      | Reached skill level 12 in Fighting
 16231 | D:9      | Reached skill level 1 in Shields
 16257 | D:9      | Noticed a two-headed ogre
 16260 | D:9      | Killed a two-headed ogre
 16367 | D:9      | Found Omaynos's Book Emporium.
 16479 | D:9      | Found Afysiss's Jewellery Shop.
 16626 | D:9      | Noticed a two-headed ogre
 16631 | D:9      | Killed a two-headed ogre
 16895 | D:9      | Bought 3 scrolls of identify for 84 gold pieces
 17068 | D:10     | Reached *** piety under Makhleb
 17069 | D:10     | Reached XP level 13. HP: 82/101 MP: 0/0
 17069 | D:10     | Learned a level 5 spell: Alistair's Intoxication
 17103 | D:9      | HP: 5/101 [killer bee (6)]
 17103 | D:9      | Slain by a killer bee

Illustrated notes

Levels and vault maps discovered:
D:1:      elethiomel_arrival_infinity_welcomes_careful_drivers, layout_basic,
          shapermc_ecumenical_altar_totnotflames, serial_shops, shop,
          kennysheep_doodads
D:2:      layout_loops_ring
D:3:      layout_basic, serial_shops, shop, uniq_grinder
D:4:      layout_cave_pools, nicolae_elyvilon_temple_path, minitemple,
          marbit_many_paths, serial_shops, shop, uniq_ijyb, uniq_menkaure
D:5:      layout_basic, nicolae_overflow_crystal_walls
D:6:      layout_basic, led_sif_book, kennysheep_nub
D:7:      layout_layer_cave, grunt_temple_overflow_opulence,
          minmay_temple_entry_tees, uniq_duvessa, uniq_maggie
D:8:      minmay_chambers_of_sixes, layout_cave_pools, grunt_ministairs_14,
          minmay_nine_imps
D:9:      kennysheep_spiral_hall, layout_long_grid, serial_shops, shop,
          nicolae_shop_trees, shop, shop, shop
D:10:     minmay_the_grid_four_pointed_star
          [minmay_the_grid_triangle_9x9_intruding_spiral,
          minmay_the_grid_triangle_9x9_wacky_v,
          minmay_the_grid_triangle_9x9_windchime,
          minmay_the_grid_triangle_9x9_shrine,
          minmay_the_grid_prize_inner_circle], layout_rooms,
          nicolae_water_bricks, minivault_5, kennysheep_cross_bottleneck
D:11:     cheibrodos_steamvent, layout_long_grid, minmay_lair_entry_grove,
          zombieorc2_lemuel
Temple:   minmay_temple_curvy_loop

Skill      XL: |  1  2  3  4  5  6  7  8  9 10 11 12 |
---------------+-------------------------------------+-----
Spellcasting   | 3 4 5 6 7 8 9 10 | 10.2
Stealth        | 2 |  2.1
Fighting       | 3 5 6 9 10 12 | 12.2
Dodging        | 10 11 | 11.0
Shields        | 2 |  2.3
Armour         | |  0.8

Action                   |  1- 3 |  4- 6 |  7- 9 | 10-12 | 13-15 || total
-------------------------+-------+-------+-------+-------+-------++-------
Melee: Unarmed           |     2 |       |       |       |       ||     2
       Dagger            |    23 |    19 |    22 |    41 |     6 ||   111
       Short sword       |       |       |     1 |     3 |       ||     4
       Whip              |       |       |       |    95 |       ||    95
 Cast: Foxfire           |    93 |    59 |    73 |   110 |     2 ||   337
       Summon Small Mamm |     3 |    12 |    18 |    12 |       ||    45
       Inner Flame       |     2 |    12 |    24 |    16 |       ||    54
       Conjure Flame     |       |     1 |     1 |       |       ||     2
       Sticky Flame      |       |       |    26 |    42 |     1 ||    69
       Fireball          |       |       |     7 |    16 |       ||    23
       Slow              |       |       |     2 |       |       ||     2
       Freezing Cloud    |       |       |       |     3 |       ||     3
       Alistair's Intoxi |       |       |       |       |     1 ||     1
Evoke: Wand              |       |     2 |     1 |     3 |     1 ||     7
  Use: Potion            |       |     1 |     8 |     1 |       ||    10
       Scroll            |       |       |       |     9 |     3 ||    12
 Stab: Sleeping          |       |     1 |       |       |       ||     1
       Distracted        |       |     1 |       |       |       ||     1
Armor: Robe              |     8 |     7 |     2 |       |       ||    17
       Skin              |       |       |     2 |       |       ||     2
       Ring mail         |       |       |     8 |     6 |     7 ||    21
       Steam dragon scal |       |       |       |    71 |       ||    71
Dodge: Dodged            |    23 |    14 |    51 |   181 |    13 ||   282
Block: Buckler           |       |       |       |     5 |     2 ||     7

Table legend: (Time is in decaauts)
 A = Elapsed time spent in this place.
 B = Non-inter-level travel time spent in this place.
 C = Inter-level travel time spent in this place.
 D = Time resting spent in this place.
 E = Time spent auto-exploring this place.
 F = Levels seen in this place.
 G = Mean time per level.
                   A        B        C        D        E       F      G
               +--------+--------+--------+--------+--------+-----+--------+
         Total |  17118 |  16693 |    425 |   2870 |  11749 |  12 | 1426.5 |
       Dungeon |  16727 |  16344 |    383 |   2870 |  11413 |  11 | 1520.6 |
        Temple |    390 |    348 |     42 |      0 |    336 |   1 |  390.0 |
               +--------+--------+--------+--------+--------+-----+--------+

Top non-repeatable levels by time:
     D:7: 2332 daAuts
     D:8: 2149 daAuts
     D:1: 2121 daAuts
     D:6: 2076 daAuts
     D:3: 1628 daAuts
     D:5: 1384 daAuts
     D:2: 1351 daAuts
     D:4: 1286 daAuts
     D:9: 1200 daAuts
    D:10: 599 daAuts
    D:11: 597 daAuts
  Temple: 390 daAuts
